 Dungeon Crawl Stone Soup version 0.22.1 (webtiles) character file.

32 dvd the Digger (level 3, -6/21 HPs)
             Began as an Octopode Earth Elementalist on Sept 19, 2018.
             Killed from afar by Natasha (8 damage)
             ... with a magic dart
             ... on level 2 of the Dungeon.
             The game lasted 00:02:39 (1145 turns).

dvd the Digger (Octopode Earth Elementalist)        Turns: 1145, Time: 00:02:41

Health: -6/21      AC:  1    Str:  8    XL:     3   Next: 27%
Magic:  4/6        EV: 13    Int: 17    God:
Gold:   126        SH:  0    Dex: 12    Spells: 5/6 levels left

rFire    . . .     SeeInvis .   e - +0 short sword
rCold    . . .     Gourm    .   (no shield)
rNeg     . . .     Faith    .   (helmet restricted)
rPois    .         Spirit   .   (no amulet)
rElec    .         Reflect  .   (no ring)
rCorr    .         Harm     .   (no ring)
MR       .....                  (no ring)
Stlth    +++.......             (no ring)
HPRegen  0.07/turn              (no ring)
MPRegen  0.10/turn              (no ring)
                                (no ring)
                                (no ring)

@: no status effects
A: almost no armour, stealthy swim, amphibious, 8 rings, constrict 8, camouflage
1, gelatinous body 1
a: no special abilities


You were on level 2 of the Dungeon.
You were not hungry.

You visited 1 branch of the dungeon, and saw 2 of its levels.

You collected 126 gold pieces.

Inventory:

Hand Weapons
 e - a +0 short sword (weapon)
Missiles
 b - 16 stones (quivered)
Scrolls
 d - a scroll of enchant armour {unknown}
 f - 4 scrolls of magic mapping {unknown}
 g - a scroll of identify {unknown}
 i - a scroll of teleportation {unknown}
 j - a scroll of amnesia {unknown}
Potions
 h - a potion of brilliance {unknown}
Comestibles
 a - 2 chunks of flesh
 c - 4 rations


   Skills:
 + Level 2.4 Dodging
 + Level 3.1 Stealth
 + Level 2.4 Spellcasting
   Level 1.0 Transmutations
 + Level 3.4 Earth Magic


You had 5 spell levels left.
You knew the following spells:

 Your Spells              Type           Power        Failure   Level  Hunger
a - Sandblast             Erth           ##....       4%          1    #......

Your spell library contained the following spells:

 Spells                   Type           Power        Failure   Level  Hunger
 Passwall                 Tmut/Erth      #.......     11%         2    ##.....
 Stone Arrow              Conj/Erth      #.....       26%         3    ###....
 Petrify                  Tmut/Erth      #.......     58%         4    #####..
 Lee's Rapid Deconstruct  Erth           ##........   77%         5    ######.


Dungeon Overview and Level Annotations

Branches:
Dungeon (2/15)

Altars:

Annotations:
D:2 Natasha


Innate Abilities, Weirdness & Mutations

You cannot wear most types of armour.
You are very stealthy in the water. (Stealth+)
You are amphibious.
You can wear up to eight rings at the same time.
You can use your tentacles to constrict eight enemies at once.
Your skin changes colour to match your surroundings (Stealth+).
Your rubbery body absorbs attacks. (AC +1, EV +1)


Message History

Aiming: Sandblast (safe; 4% risk of failure)
Press: ? - help, Shift-Dir - straight line, f - Natasha
Aim: Natasha (moderately wounded, constricted by you)
The blast of sand hits Natasha.
Natasha is moderately wounded.
b - 17 stones You constrict Natasha, but do no damage.
Natasha barely misses you.
Casting: Sandblast (safe; 4% risk of failure)
Confirm with . or Enter, or press ? or * to list all spells.
Aiming: Sandblast (safe; 4% risk of failure)
Press: ? - help, Shift-Dir - straight line, f/p - Natasha
Aim: Natasha (moderately wounded, constricted by you)
The blast of sand hits Natasha.
Natasha is severely wounded.
b - 16 stones You constrict Natasha.
Natasha stares at you and mumbles some strange words.
The magic dart hits you!
You die...

.............#........#
.##..........#(.......#
.##..........#........#
........#.............#
........#.#..รท.########
........#.#....#####
...#...............#
...#.............h.#
.###............@g.# .#
#...............##
.###..........>.......#
...'...............J....
####................#...
#...............#.#..
#############..#._.#.
#...#.#. ....#.


You could see Natasha, an ooze and a hobgoblin.

Vanquished Creatures
  2 dart slugs (D:2)
  A leopard gecko (D:1)
  2 giant cockroaches (D:1)
  5 hobgoblins
  2 kobolds
  A quokka (D:2)
  3 bats
  A frilled lizard (D:1)
  4 goblins
  5 rats
26 creatures vanquished.

Notes
Turn   | Place    | Note
-------+----------+-------------------------------------------
     0 | D:1      | dvd the Octopode Earth Elementalist began the quest for the
                  | Orb.
     0 | D:1      | Reached XP level 1. HP: 11/11 MP: 3/3
   200 | D:1      | Reached XP level 2. HP: 7/17 MP: 5/5
   932 | D:2      | Noticed Natasha
   942 | D:2      | Reached XP level 3. HP: 17/21 MP: 1/6
  1137 | D:2      | Found a faded altar of an unknown god.
  1145 | D:2      | Killed from afar by Natasha

Skill      XL: |  1  2 |
---------------+-------+-----
Stealth        | 3 |  3.1
Dodging        | |  2.4
Spellcasting   | |  2.4
Transmutations | |  1.0
Earth Magic    | |  3.4

Action                   || total
-------------------------++-------
Melee: Short sword       ||    18
       Unarmed           ||     5
       Constrict         ||     8
       Tentacles         ||     3
 Cast: Sandblast         ||    32
 Stab: Sleeping          ||     5
  Eat: Chunk             ||     1
Armor: Skin              ||     5
Dodge: Dodged            ||    29
